 Dungeon Crawl Stone Soup version 0.29-a0-824-gd827844252 (webtiles) character file.

Game seed: 2091769358726501051

462 kevlar127 the Ruffian (level 6, 0/63 HPs)
             Began as a Troll Berserker on July 9, 2022.
             Was a Believer of Trog.
             Slain by a hound (1 damage)
             ... on level 5 of the Dungeon.
             The game lasted 00:04:58 (3057 turns).

kevlar127 the Ruffian (Troll Berserker)             Turns: 3057, Time: 00:04:59

Health: 0/63       AC:  4    Str: 28    XL:     6   Next: 79%
Magic:  0/5        EV: 10    Int:  3    God:    Trog [**....]
Gold:   336        SH:  0    Dex:  9    Spells: 5/5 levels left

rFire   . . .      SeeInvis .     - Unarmed
rCold   . . .      Faith    .   (no shield)
rNeg    . . .      Spirit   +   a - +0 animal skin
rPois   .          Reflect  .   (helmet restricted)
rElec   .          Harm     .   (no cloak)
rCorr   .          Rampage  .   (gloves unavailable)
Will    .....                   (boots unavailable)
Stlth   +.........              e - amulet of guardian spirit
HPRegen 1.00/turn               (no ring)
MPRegen 0.09/turn               (no ring)

@: on berserk cooldown, slowed, very slow
A: large, unfitting armour, claws 3, regeneration 1, shaggy fur 1, tough skin 1
a: Renounce Religion, Berserk, Trog's Hand


You were on level 5 of the Dungeon.
You worshipped Trog.
Trog was pleased with you.
You visited 2 branches of the dungeon, and saw 6 of its levels.

You collected 336 gold pieces.

Inventory:

Missiles
 i - 25 stones (quivered)
Armour
 a - a +0 animal skin (worn)
Jewellery
 e - an amulet of guardian spirit (around neck)
Wands
 l - a wand of flame (22)
Scrolls
 b - 2 scrolls of magic mapping {unknown}
 c - 3 scrolls of fear {unknown}
 d - 3 scrolls of identify {unknown}
 f - 4 scrolls of vulnerability {unknown}
 g - a scroll of teleportation {unknown}
 h - a scroll of brand weapon {unknown}
 k - 2 scrolls of enchant armour {unknown}
 q - a scroll of enchant weapon {unknown}
Potions
 j - a potion of flight {unknown}
 m - a potion of mutation {unknown}
 n - 2 potions of ambrosia {unknown}
 o - a potion of degeneration {unknown}
 p - a potion of lignification {unknown}
 r - a potion of haste {unknown}


   Skills:
 + Level 4.6 Fighting
 + Level 1.6 Throwing
 - Level 2.4 Dodging
 + Level 5.6 Unarmed Combat


You had 5 spell levels left.
You didn't know any spells.
Your spell library was empty.

Dungeon Overview and Level Annotations

Branches:
Dungeon (5/15)             Temple (1/1) D:4

Altars:
Ashenzari
Cheibriados
Elyvilon
Sif Muna
Trog
Zin
The Shining One


Innate Abilities, Weirdness & Mutations

You are too large for most types of armour.
You have claws for hands.
Your natural rate of healing is unusually fast.
You are covered in fur. (AC +1)
You have tough skin. (AC +1)


Message History

You kill the gnoll bouda!
Trog accepts your kill. The hound bites you.
* * * LOW HITPOINT WARNING * * *
The gnoll misses you. The gnoll barely misses you.
You scratch the gnoll.
You kill the gnoll!
Trog accepts your kill. The hound closely misses you.
The gnoll closely misses you.
You mangle the gnoll!!
You kill the gnoll!
Trog accepts your kill.
The gnoll throws a throwing net.
The throwing net hits you.
You become entangled in the net!
The hound bites you.
* * * LOW HITPOINT WARNING * * *
You struggle against the net.
The hound bites you.
* * * LOW HITPOINT WARNING * * *
The gnoll hits you from afar with a +0 spear.
* * * LOW HITPOINT WARNING * * *
You struggle against the net.
You feel a strong urge to attack something.
You are no longer berserk.
You are exhausted.
You feel yourself slow down. The hound barely misses you.
You shred the net and break free!
Your skin stops crawling.
You feel less strong-willed. The hound closely misses you.
The gnoll hits you but does no damage. The hound closely misses you.
The gnoll barely misses you.
You scratch the hound. Your claw misses the hound.
The hound is lightly wounded.
The hound barely misses you. The gnoll barely misses you. The hound bites you.
* * * LOW HITPOINT WARNING * * *
You scratch the hound.
The hound is heavily wounded.
The hound bites you.
* * * LOW HITPOINT WARNING * * *
The gnoll hits you from afar with a +0 spear.
* * * LOW HITPOINT WARNING * * *
The hound bites you.
You die...

#.....#
#.....#
#.....#
#.....#
#.....+
#.....#
#....<#
#...$(#
#.)@..#
#.))h.#
#...g.+
#.....#
#.....#
#.....#
#....?#
#.....#


You could see a hound and a gnoll (swift).

Vanquished Creatures
  Sigmund (D:4)
  An ogre (D:4)
  A gnoll bouda (D:5)
  Ijyb (D:2)
  Robin (D:3)
  An adder (D:3)
  8 gnolls
  A white imp (D:4)
  A dart slug (D:4)
  A worm (D:3)
  An orc (D:4)
  2 bats
  5 endoplasms
  2 giant cockroaches
  20 goblins
  7 hobgoblins
  2 jackals (D:3)
  A quokka (D:1)
  3 ball pythons
  2 frilled lizards (D:1)
  3 kobolds
  6 rats
  A spectral hobgoblin (D:1)
72 creatures vanquished.

Notes
Turn   | Place    | Note
-------+----------+-------------------------------------------
     0 | D:1      | kevlar127 the Troll Berserker began the quest for the Orb.
     0 | D:1      | Reached XP level 1. HP: 22/22 MP: 0/0
   150 | D:1      | Reached XP level 2. HP: 29/29 MP: 1/1
   219 | D:1      | Found a faded altar of an unknown god.
   523 | D:1      | Reached XP level 3. HP: 37/37 MP: 2/2
  1036 | D:2      | Noticed Ijyb
  1042 | D:2      | Killed Ijyb
  1043 | D:2      | Reached skill level 4 in Unarmed Combat
  1122 | D:2      | You fall into a shaft and drop 2 floors!
  1166 | D:3      | Reached XP level 4. HP: 45/45 MP: 3/3
  1215 | D:3      | Found a broken altar of Ashenzari.
  1276 | D:3      | Noticed Robin
  1278 | D:3      | Reached ** piety under Trog
  1304 | D:3      | Killed Robin
  2002 | D:4      | Found a white marble altar of Elyvilon.
  2114 | D:4      | Found a bloodstained altar of Trog.
  2118 | D:4      | Noticed Sigmund
  2124 | D:4      | Killed Sigmund
  2125 | D:4      | Reached skill level 5 in Unarmed Combat
  2125 | D:4      | Reached XP level 5. HP: 28/54 MP: 2/4
  2125 | D:4      | Reached XP level 6. HP: 33/62 MP: 2/5
  2358 | D:4      | Reached skill level 1 in Throwing
  2491 | D:4      | Found a staircase to the Ecumenical Temple.
  2911 | Temple   | Entered the Ecumenical Temple
  3034 | D:5      | Entered Level 5 of the Dungeon
  3053 | D:5      | HP: 3/94 [gnoll/+0 spear[a gnoll bouda] (5)]
  3057 | D:5      | HP: 1/63 [gnoll/+0 spear[a gnoll bouda] (3)]
  3057 | D:5      | Slain by a hound

Illustrated notes

Levels and vault maps discovered:
D:1:      nicolae_arrival_somewhat_less_tricky_arrival, layout_basic,
          dreamdust_ecumenical_altar_drowned_temple
D:2:      kennysheep_the_goblin_king, layout_loops_corners, serial_bayou_pond_c,
          minmay_stone_trees_medium
D:3:      layout_loops_ring, mainiacjoe_overflow_six_doors_small,
          chequers_decorated_corner, uniq_robin
D:4:      layout_basic, mainiacjoe_overflow_alcove_2,
          nicolae_elyvilon_peaceful_grove, lemuel_temple_firewalk_b,
          st_stairs_11, uniq_ijyb, uniq_sigmund
D:5:      layout_gridville, lemuel_tele_altar, makhleb_altar_promises_db,
          nicolae_qazlal_general_emergency, kennysheep_mini_moat
Temple:   nicolae_temple_superstar

Skill      XL: |  1  2  3  4  5  6 |
---------------+-------------------+-----
Fighting       | 3 4 |  4.6
Unarmed Combat | 4 5 |  5.6
Throwing       | 1 |  1.6
Dodging        | |  2.4

Action                   |  1- 3 |  4- 6 || total
-------------------------+-------+-------++-------
Melee: Unarmed           |    69 |   123 ||   192
       Punch             |     2 |     2 ||     4
Invok: Berserk           |     1 |     2 ||     3
       Trog's Hand       |       |     2 ||     2
 Stab: Sleeping          |     1 |     2 ||     3
Armor: Animal skin       |    31 |    28 ||    59
Dodge: Dodged            |    31 |    77 ||   108

Table legend: (Time is in decaauts)
 A = Elapsed time spent in this place.
 B = Non-inter-level travel time spent in this place.
 C = Inter-level travel time spent in this place.
 D = Time resting spent in this place.
 E = Time spent auto-exploring this place.
 F = Levels seen in this place.
 G = Mean time per level.
                   A        B        C        D        E       F      G
               +--------+--------+--------+--------+--------+-----+--------+
         Total |   3067 |   2895 |    172 |    114 |   2375 |   6 |  511.2 |
       Dungeon |   3020 |   2861 |    159 |    114 |   2345 |   5 |  604.0 |
        Temple |     47 |     34 |     13 |      0 |     30 |   1 |   47.0 |
               +--------+--------+--------+--------+--------+-----+--------+

Top non-repeatable levels by time:
     D:4: 1044 daAuts
     D:1: 1029 daAuts
     D:3: 822 daAuts
     D:2: 105 daAuts
  Temple: 47 daAuts
     D:5: 18 daAuts
